 Dungeon Crawl Stone Soup version 0.21.0-24-g2553a3340b (webtiles) character file.

1584788 GordonOverkill the Conqueror (level 27, 238/245 HPs)
             Began as a Minotaur Summoner on Jan 20, 2018.
             Was the Champion of Hepliaklqana.
             Escaped with the Orb
             ... and 3 runes!
             The game lasted 02:48:42 (83279 turns).

GordonOverkill the Conqueror (Minotaur Summoner)   Turns: 83279, Time: 02:48:42

Health: 238/245    AC: 50    Str: 26    XL:     27
Magic:  28/28      EV: 19    Int: 12    God:    Hepliaklqana [******]
Gold:   2651       SH: 31    Dex: 15    Spells: 28/28 levels left

rFire    + + .     SeeInvis .   b - +4 broad axe "Fiskacue" {chop, rPois Str+4}
rCold    + . .     Gourm    .   w - +2 large shield {AC+3}
rNeg     . . .     Faith    .   p - +6 gold dragon scales
rPois    +         Spirit   .   (helmet restricted)
rElec    .         Reflect  +   X - +2 cloak {MR+}
rCorr    +         Harm     .   s - +2 pair of gloves
MR       ++++.     Rnd*Rage +   E - +2 pair of boots
Stlth    ..........             D - +3 amulet of reflection
HPRegen  0.50/turn              o - ring of protection from fire
MPRegen  0.21/turn              m - ring "Cade" {rCorr Slay+2}

@: no status effects
A: retaliatory headbutt, reduced essence, horns 2, yellow scales 1, berserk 1,
magic resistance 1, mutation resistance 1
0: Orb of Zot
}: 3/15 runes: decaying, silver, gossamer
a: Recall Ancestor, Ancestor Identity, Transference, Idealise, Renounce Religion


You escaped.
You worshipped Hepliaklqana.
Hepliaklqana was exalted by your worship.
You were very full.

You visited 9 branches of the dungeon, and saw 49 of its levels.
You visited the Abyss 1 time.

You collected 7214 gold pieces.
You spent 4563 gold pieces at shops.

Inventory:

Hand Weapons
 a - a +9 vampiric broad axe
 b - the +4 broad axe "Fiskacue" (weapon) {chop, rPois Str+4}
   (You acquired it on level 1 of the Spider Nest)

   It inflicts extra damage upon your enemies.
   It affects your strength (+4).
   It protects you from poison.
 e - a +9 broad axe of venom
 Y - a +5 broad axe of electrocution
Missiles
 K - 4 throwing nets (quivered)
Armour
 p - +6 gold dragon scales (worn)
 s - a +2 pair of gloves (worn)
 w - a +2 large shield of protection (worn)
 E - a +2 pair of boots (worn)
 L - a +2 hat
 X - a +2 cloak of magic resistance (worn)
Jewellery
 m - the ring "Cade" (right hand) {rCorr Slay+2}
   (You took it off a deep elf high priest on level 5 of the Vaults)

   [ring of resist corrosion]

   It affects your accuracy and damage with ranged weapons and melee attacks
   (+2).
 o - a ring of protection from fire (left hand)
 u - an uncursed ring of see invisible
 D - a +3 amulet of reflection (around neck)
Wands
 f - a wand of random effects (38)
 k - a wand of acid (14)
 r - a wand of enslavement (30)
 v - a wand of disintegration (9)
 z - a wand of iceblast (37)
 B - a wand of digging (8)
 H - a wand of scattershot (19)
 Q - a wand of paralysis (55)
Scrolls
 d - a scroll of holy word
 g - 15 scrolls of teleportation
 i - 11 scrolls of identify
 j - 21 scrolls of remove curse
 x - 4 scrolls of fog
 A - 9 scrolls of blinking
 F - 7 scrolls of magic mapping
 P - 6 scrolls of fear
 S - a scroll of silence
Potions
 h - 7 potions of might
 l - 8 potions of brilliance
 n - 18 potions of curing
 q - 9 potions of lignification
 y - 7 potions of ambrosia
 C - a potion of invisibility
 G - 4 potions of haste
 I - 5 potions of flight
 J - 5 potions of heal wounds
 M - 5 potions of cancellation
 R - 6 potions of agility
 U - 2 potions of magic
Comestibles
 c - 34 rations


   Skills:
 O Level 27 Fighting
 - Level 21.0 Axes
 O Level 27 Armour
 + Level 22.3 Dodging
 - Level 1.5 Stealth
 - Level 25.0 Shields
 - Level 1.3 Spellcasting
   Level 2.9 Summonings
 - Level 8.0 Invocations


You had 28 spell levels left.
You didn't know any spells.

Dungeon Overview and Level Annotations

Branches:
Dungeon (15/15)            Temple (0/1) D:7            Lair (6/6) D:11
  Swamp (4/4) Lair:4       Spider (4/4) Lair:4        Slime (0/5) Lair:6
    Orc (2/2) D:12            Elf (3/3) Orc:2        Vaults (5/5) D:13
  Crypt (0/3) Vaults:2     Depths (5/5) D:15            Zot (5/5) Depths:5

Altars:
Ashenzari
Cheibriados
Elyvilon
Gozag
Hepliaklqana
Kikubaaqudgha
Makhleb
Nemelex Xobeh
Okawaru
Sif Muna
Trog
Uskayaw
Vehumet
Wu Jian
Xom
Yredelemnul
Beogh
Jiyva

Shops:
D:7 }[[%   D:11 %[?   D:15 [   Orc:1 [   Orc:2 [([(   Elf:3 [   Vaults:2 :
Vaults:4 [   Vaults:5 (   Zot:5 *   Depths:5 =}=

Portals:
Hell: Depths:1 Depths:2 Depths:3 Depths:4 Depths:5
Abyss: Depths:4
Pandemonium: Depths:3 Depths:4
Ziggurat: Depths:4
Trove: D:13 (give horn of Geryon)

Annotations:
D:1 Terence


Innate Abilities, Weirdness & Mutations

You reflexively headbutt those who attack you in melee.
You have a pair of horns on your head.
Your life essence is reduced to manifest your ancestor. (-10% HP)
You are partially covered in yellow scales. (AC +2)
You tend to lose your temper in combat.
You are resistant to hostile enchantments. (MR+)
You are somewhat resistant to further mutation.


Message History

Okay, then.
Evoke which item? (* to show all) (? for menu, Esc to quit)
Aiming: Dig
Press: ? - help, Shift-Dir - straight line, f - you The rock shatters into small pieces.
Unknown command.
There is a stone staircase leading up here.
You climb upwards.
There is a stone staircase leading down here.
A Brimstone Fiend comes into view.
The Brimstone Fiend roars!
The Brimstone Fiend gestures at you.
The sphere of damnation explodes!
The damnation engulfs you!
There is a stone staircase leading up here.
You climb upwards.
Level annotation: Terence
There is a stone staircase leading down here.
There is a large open door here.
There is a staircase leading out of the dungeon here.
You have escaped!

#.#.....P.........♣..........#
#.#.#♣....♣..P♣...P♣.....#...# #
##.#.###PP..............###...# #
.(.#..########...P########....# #
#####..## ♣.P#....#.♣P###.....# #
...##@..# #..##''##P.# #....#.# #
.#.#..#.# #'##...P##'# #...##.# #
.#.@.##.# #..........# #..###.# #
####.##.# #PP...@..♣P# #..###.# #
.....##.####P♣♣P♣PPP####......# #
......#..##############....#### #
......##..####♣PP♣####..#..# #
......###...##P..P##...###.######
......#####..##''##..#####.>.....
...........##..............######
.......###.###.#####.############
.........#.....# #.# #.........


There were no monsters in sight!

Vanquished Creatures
  7 ancient liches
  4 orbs of fire
  A juggernaut (Depths:4)
  2 Killer Klowns (Zot:5)
  Xtahua (Vaults:3)
  4 caustic shrikes (Depths:5)
  A curse toe (Zot:3)
  6 golden dragons
  5 electric golems
  Jorgrun (Swamp:4)
  A lich (Vaults:5)
  Rupert (Lair:3)
  The ghost of Roak the Earth Mage, an adept GrEE of Vehumet (Vaults:1)
  9 tentacled monstrosities
  4 titans
  26 Orb Guardians
  A deep elf master archer (Elf:3)
  A deep elf blademaster (Elf:3)
  Asterion (Elf:3)
  5 quicksilver dragons
  A sphinx (Vaults:5)
  An ancient champion (Vaults:2)
  8 death cobs
  3 tentacled starspawn (Abyss:3)
  17 storm dragons
  8 shadow dragons
  4 draconian monks
  A thorn hunter (Swamp:4)
  Roxanne (Swamp:4)
  6 tengu reavers
  A revenant (Vaults:2)
  8 fire giants
  2 draconian shifters (Zot:1)
  6 ghost moths
  2 orc warlords
  6 draconian scorchers
  8 deep elf sorcerers
  4 iron dragons
  6 draconian knights
  17 vault wardens
  17 stone giants
  Louise (Swamp:4)
  3 draconian stormcallers
  6 frost giants
  4 emperor scorpions
  2 deep elf elementalists (Elf:3)
  20 ironheart preservers
  A spriggan defender (Depths:5)
  28 very ugly things
  8 draconian annihilators
  3 vampire knights
  2 entropy weavers
  11 green draconians
  9 black draconians
  11 deep elf demonologists
  10 white draconians
  5 purple draconians
  5 yellow draconians
  4 spark wasps
  13 deep elf annihilators
  A dire elephant (Lair:6)
  5 red draconians
  11 ettins
  8 deep elf death magi
  10 fire dragons
  18 yaktaur captains
  A merfolk javelineer (Abyss:3)
  4 deep elf high priests
  14 ogre magi
  Harold (Lair:4)
  4 great orbs of eyes
  18 hydras
  3 rakshasas
  21 vault guards
  11 ice dragons
  2 spriggan air magi
  An alligator (Swamp:1)
  A catoblepas (Lair:2)
  A monstrous demonspawn (Depths:3)
  A satyr (Abyss:3)
  Erica (D:9)
  9 centaur warriors
  A death yak (Lair:6)
  12 deep troll shamans
  A queen ant (Spider:3)
  2 vampire magi
  31 two-headed ogres
  5 death knights
  11 deep troll earth magi
  17 dancing weapons
  2 orc high priests
  2 thrashing horrors (Abyss:3)
  2 tengu warriors (Depths:2)
  2 soul eaters
  2 spriggan berserkers (Depths:5)
  4 hell knights (Depths:1)
  A shock serpent (shapeshifter) (Vaults:5)
  20 deep elf knights
  A sixfirhy (Depths:4)
  2 shadow wraiths
  The ghost of topfpfpflanze the Spear-Bearer, a novice MfSu of Sif Muna (D:10)
  An iron troll (Depths:3)
  2 skeletal warriors
  2 flayed ghosts
  4 glowing orange brains
  A storm dragon skeleton (Vaults:5)
  A spark wasp zombie (Depths:3)
  23 deep trolls
  4 swamp dragons
  4 lindwurms
  14 deep elf archers
  3 phantasmal warriors
  11 ironbrand convokers
  A golden dragon skeleton (Vaults:5)
  11 orc knights
  4 orb spiders
  9 necromancers
  3 wizards
  30 wolf spiders
  43 ugly things
  3 orc sorcerers
  A salamander (Depths:4)
  A faun (shapeshifter) (Vaults:5)
  3 manticores
  5 cyclopes
  A large abomination (Abyss:3)
  65 deep elf magi
  37 moths of wrath
  10 elephants
  5 black mambas
  9 vault sentinels
  A titan simulacrum (Depths:3)
  A guardian serpent (shapeshifter) (Vaults:1)
  2 apocalypse crabs (Abyss:3)
  4 gargoyles
  An elf zombie (Depths:3)
  2 spiny frogs (shapeshifter)
  A hellion (Depths:4)
  14 spiny frogs
  A torpor snail (Spider:3)
  4 spectral swamp worms (Depths:1)
  Psyche (D:9)
  2 rime drakes (shapeshifter)
  An ancient zyme (Abyss:3)
  An ice devil (Depths:5)
  3 efreet
  2 hellwings (Depths:3)
  A tengu conjurer (Depths:2)
  2 rime drakes
  14 freezing wraiths
  A tormentor (Depths:3)
  48 yaktaurs
  A komodo dragon (shapeshifter) (Vaults:5)
  8 komodo dragons
  14 demonic crawlers
  A red devil (Depths:4)
  A queen bee (shapeshifter) (Depths:3)
  32 jumping spiders
  2 polar bears
  8 hornets
  5 trolls
  20 slime creatures
  A wind drake (Spider:4)
  4 bog bodies
  A raiju (shapeshifter) (Depths:1)
  A polar bear (shapeshifter) (Vaults:3)
  Grinder (D:3)
  4 tyrant leeches
  4 blink frogs
  A fire dragon zombie (D:15)
  8 dream sheep
  A stone giant simulacrum (Vaults:5)
  An ettin skeleton (D:15)
  A wind drake (shapeshifter) (Depths:4)
  57 redbacks
  5 starcursed masses (Abyss:3)
  2 ynoxinuls (Abyss:3)
  4 hippogriffs
  3 spriggans
  A fire bat (shapeshifter) (D:14)
  A tarantella (shapeshifter) (Vaults:2)
  35 tarantellas
  9 air elementals
  2 wyverns
  9 water elementals
  3 shadows
  2 spriggans (shapeshifter)
  24 yaks
  A small abomination (Abyss:3)
  7 wraiths
  14 humans (D:13)
  3 basilisks
  2 fire elementals
  A human simulacrum (Vaults:3)
  2 chaos spawn
  A neqoxec (Abyss:3)
  A deep troll zombie (Vaults:5)
  18 vampire mosquitoes
  4 wargs
  5 insubstantial wisps
  3 soldier ants
  8 swamp worms
  2 water moccasins
  A floating eye (Depths:2)
  53 orc warriors
  5 porcupines
  4 sky beasts
  A black bear (D:9)
  5 swamp drakes
  3 eyes of draining
  3 phantoms
  4 ice beasts
  15 boggarts
  23 centaurs
  A knight (Swamp:4)
  A necrophage (D:10)
  53 ogres
  4 wolves
  6 crocodiles
  4 big kobolds
  20 bullfrogs
  A wyvern zombie (D:12)
  4 earth elementals
  2 scorpions
  A tengu zombie (D:15)
  17 killer bees
  2 elf simulacra
  8 wights
  6 crimson imps
  A centaur zombie (D:12)
  A quasit (D:11)
  4 hounds
  5 jellies
  26 orc priests
  A hound (shapeshifter) (Vaults:5)
  3 centaur skeletons
  26 orc wizards
  Jessica (D:3)
  8 iguanas
  A lightning spire (Zot:1)
  12 worker ants
  A hound skeleton (D:6)
  Robin (D:3)
  10 adders
  A river rat (shapeshifter) (Vaults:5)
  3 shadow imps
  An ooze (D:3)
  2 adder skeletons
  An adder zombie (D:5)
  2 worms
  4 dart slugs
  6 leopard geckos
  127 orcs
  5 giant cockroaches
  13 goblins
  7 hobgoblins
  17 jackals
  24 kobolds
  3 quokkas
  3 ball pythons
  6 bats
  A frilled lizard (D:2)
  A jackal skeleton (D:4)
  A jackal zombie (D:5)
  6 rats
  2 crawling corpses (Vaults:5)
  2 fungi
  3 plants
  A starspawn tentacle (Abyss:3)
1977 creatures vanquished.

Vanquished Creatures (collateral kills)
  Mara (Swamp:4)
  2 ancient liches
  2 golden dragons
  An electric golem (Zot:5)
  2 tentacled monstrosities
  2 Orb Guardians (Zot:5)
  A quicksilver dragon (Vaults:5)
  3 death cobs
  A storm dragon (Zot:5)
  3 tengu reavers
  A thorn hunter (Swamp:1)
  6 shadow dragons
  A draconian monk (Zot:2)
  The ghost of rabbit the Warrior, an adept GrFi of Okawaru (Swamp:1)
  A fire giant (Depths:2)
  2 vault wardens
  A deep elf sorcerer (Elf:3)
  A draconian scorcher (Zot:1)
  Aizul (Spider:1)
  A ghost moth (Spider:4)
  3 draconian knights
  A ghoul (Vaults:5)
  2 deep elf elementalists (Elf:3)
  A spriggan defender (Depths:5)
  7 stone giants
  2 war gargoyles (Vaults:5)
  2 draconian annihilators (Zot:1)
  5 very ugly things
  3 entropy weavers
  2 black draconians
  2 deep elf demonologists (Vaults:5)
  2 green draconians
  2 purple draconians (Zot:3)
  3 red draconians
  2 deep elf annihilators (Elf:3)
  4 white draconians
  2 yellow draconians (Zot:1)
  2 spark wasps (Depths:5)
  2 ettins (Vaults:5)
  5 yaktaur captains
  4 ogre magi
  A deep elf high priest (Elf:3)
  15 vault guards
  A great orb of eyes (Depths:2)
  4 ice dragons
  9 hydras
  A rakshasa (Vaults:3)
  3 centaur warriors
  A ghost crab (Swamp:4)
  2 catoblepae
  3 alligators
  9 two-headed ogres
  2 death yaks (Lair:6)
  A tengu warrior (Depths:4)
  3 dancing weapons (Elf:2)
  3 deep troll earth magi
  A large abomination (Vaults:5)
  Urug (D:12)
  A spriggan berserker (Depths:5)
  2 deep elf knights (Elf:2)
  A hell knight (Depths:1)
  A fire crab (shapeshifter) (Vaults:2)
  2 skeletal warriors
  3 spriggan druids (Swamp:4)
  6 deep trolls
  A wizard (Depths:4)
  5 swamp dragons
  2 lindwurms
  3 deep elf archers
  A glowing orange brain (Depths:5)
  2 unseen horrors
  A shambling mangrove (Swamp:4)
  A phantasmal warrior (D:12)
  3 orc knights
  A necromancer (D:15)
  3 ironbrand convokers
  17 deep elf magi
  6 orb spiders
  15 ugly things
  2 orc sorcerers
  2 wolf spiders
  A manticore (Lair:6)
  5 moths of wrath
  A cyclops (D:12)
  A faun (shapeshifter) (Vaults:3)
  5 elephants
  8 spiny frogs
  A torpor snail (Spider:3)
  A human skeleton (Vaults:5)
  A smoke demon (Depths:4)
  2 black mambas (Lair:6)
  A gargoyle (D:15)
  A spectral swamp worm (Depths:1)
  A rime drake (Lair:6)
  11 yaktaurs
  A yaktaur skeleton (D:15)
  A small abomination (Vaults:5)
  A jumping spider (shapeshifter) (Vaults:2)
  8 jumping spiders
  3 hornets
  4 trolls
  2 blink frogs
  3 slime creatures
  4 bog bodies
  2 dream sheep
  3 hippogriffs
  A vampire (D:14)
  7 tarantellas
  25 redbacks
  A wyvern (Lair:6)
  3 humans
  A basilisk (Lair:6)
  11 yaks
  3 wargs
  6 vampire mosquitoes
  2 hungry ghosts
  5 insubstantial wisps
  A soldier ant (D:14)
  4 swamp worms
  3 porcupines
  4 swamp drakes
  2 ice beasts
  10 orc warriors
  12 ogres
  A black bear (D:6)
  4 centaurs
  A wolf (Lair:6)
  A crocodile (Lair:5)
  3 big kobolds
  3 bullfrogs
  Blork the orc (D:5)
  An earth elemental (Elf:3)
  A wyvern skeleton (D:14)
  2 scorpions
  4 killer bees
  A wight (D:14)
  A howler monkey (D:12)
  3 crimson imps
  A lava snake (D:15)
  2 hounds
  2 jellies
  6 orc priests
  8 orc wizards
  An iguana (Lair:4)
  A worker ant (D:11)
  A hound skeleton (D:10)
  2 adders
  A dart slug (D:3)
  26 orcs
  3 jackals
  A kobold (D:1)
  A rat (D:2)
  2 crawling corpses (Vaults:5)
  A fungus (Lair:6)
  A plant (Zot:4)
493 creatures vanquished.

Vanquished Creatures (others)
  A centaur warrior (Depths:3)
  A deep elf knight (Elf:2)
  A deep elf archer (Vaults:3)
  An orb spider (Spider:4)
  A moth of wrath (Zot:5)
  A yaktaur (Vaults:4)
  A tengu conjurer (Depths:2)
  2 spriggans (Swamp:4)
  A large abomination (Abyss:3)
  2 wargs (Elf:2)
  An orc warrior (Elf:2)
  An ogre (Vaults:5)
  A boggart (Depths:2)
  2 centaurs (Depths:2)
  30 knights
  5 ancestors
  A bush (Lair:6)
  11 fungi
  A lurking horror (Abyss:3)
  10 plants
  6 starspawn tentacles (Abyss:3)
  8 withered plants (D:15)
89 creatures vanquished.

Grand Total: 2559 creatures vanquished

Notes
Turn   | Place    | Note
-------+----------+-------------------------------------------
     0 | D:1      | GordonOverkill the Minotaur Summoner began the quest for the Orb.
     0 | D:1      | Reached XP level 1. HP: 14/14 MP: 1/1
   322 | D:1      | Reached skill level 1 in Fighting
   487 | D:1      | Reached XP level 2. HP: 22/23 MP: 0/3
   504 | D:1      | Found an iron altar of Okawaru.
  1171 | D:2      | Found a hide-covered altar of Uskayaw.
  1247 | D:2      | Noticed Terence
  1697 | D:2      | Reached skill level 1 in Axes
  1697 | D:2      | Reached XP level 3. HP: 29/29 MP: 1/4
  1982 | D:2      | Found an ancient bone altar of Kikubaaqudgha.
  2959 | D:3      | Noticed Robin
  3093 | D:2      | Reached XP level 4. HP: 28/37 MP: 5/5
  3271 | D:2      | Gained mutation: Your system is resistant to poisons. (rPois) [potion of mutation]
  3271 | D:2      | Gained mutation: Scrolls take you a little longer to read. [potion of mutation]
  3271 | D:2      | Gained mutation: Your movements are slightly less encumbered by armour. (ER -2) [potion of mutation]
  3571 | D:2      | Lost mutation: Scrolls take you a little longer to read. [potion of mutation]
  3571 | D:2      | Gained mutation: Your muscles are strong. (Str +2) [potion of mutation]
  3607 | D:3      | Killed Robin
  3810 | D:3      | Noticed Jessica
  3835 | D:3      | Killed Jessica
  3895 | D:3      | Found a hazy altar of Hepliaklqana.
  3908 | D:3      | Became a worshipper of Hepliaklqana the Forgotten
  4000 | D:3      | Reached XP level 5. HP: 22/40 MP: 6/6
  5037 | D:3      | Noticed Grinder
  5045 | D:3      | You fall through a shaft for 2 floors!
  5045 | D:5      | Entered Level 5 of the Dungeon
  5055 | D:5      | Reached skill level 1 in Invocations
  5241 | D:5      | Noticed an ogre
  5346 | D:5      | Killed an ogre
  5441 | D:5      | Reached XP level 6. HP: 40/45 MP: 7/7
  5501 | D:5      | Noticed Blork the orc
  5519 | D:5      | Reached skill level 5 in Axes
  5539 | D:5      | Lost mutation: Your system is resistant to poisons. (rPois) [potion of mutation]
  5539 | D:5      | Lost mutation: Your muscles are strong. (Str +2) [potion of mutation]
  5539 | D:5      | Lost mutation: Your movements are slightly less encumbered by armour. (ER -2) [potion of mutation]
  5539 | D:5      | Gained mutation: You expend magic power (3 MP) to strengthen your wands. [potion of mutation]
  5539 | D:5      | Gained mutation: Armour fits poorly on your strangely shaped body. [potion of mutation]
  5539 | D:5      | Gained mutation: You have large cloven feet. [potion of mutation]
  5551 | D:5      | HP: 2/45 [poisoned by Blork the orc]
  5559 | D:5      | HP: 1/45 [poisoned by Blork the orc]
  5567 | D:5      | HP: 1/45 [poisoned by Blork the orc]
  5599 | D:5      | Noticed an ice beast
  5600 | D:5      | Found an ornate altar of the Wu Jian Council.
  6261 | D:4      | Found a runed door.
  6261 | D:4      | Noticed a human
  6266 | D:4      | Found a basalt altar of Yredelemnul.
  6571 | D:3      | Paralysed by Grinder for 4 turns
  6601 | D:3      | Killed Grinder
  6601 | D:3      | Reached XP level 7. HP: 19/51 MP: 8/8
  6918 | D:3      | Killed a human
  7552 | D:4      | Found a bloodstained altar of Trog.
  7612 | D:4      | Reached skill level 5 in Invocations
  7927 | D:4      | Found an opulent altar of Gozag.
  8027 | D:5      | Killed Blork the orc
  8040 | D:5      | Reached XP level 8. HP: 34/56 MP: 10/10
  8414 | D:5      | Reached * piety under Hepliaklqana
  9052 | D:5      | Found a deep blue altar of Sif Muna.
  9141 | D:6      | Reached skill level 10 in Axes
  9190 | D:6      | Found a sparkling altar of Nemelex Xobeh.
  9190 | D:6      | Found a white marble altar of Elyvilon.
  9795 | D:6      | Lost mutation: Armour fits poorly on your strangely shaped body. [potion of mutation]
  9795 | D:6      | Lost mutation: You expend magic power (3 MP) to strengthen your wands. [potion of mutation]
  9795 | D:6      | Gained mutation: You are occasionally teleported next to monsters. [potion of mutation]
  9795 | D:6      | Gained mutation: You are agile. (Dex +2) [potion of mutation]
  9795 | D:6      | Gained mutation: You are partially covered in thin metallic scales. (AC +2) [potion of mutation]
 10059 | D:7      | Got a steaming hand axe
 10060 | D:7      | Identified the +4 hand axe "Telima" {holy, rF- rC+ rN++ Int+2} (You found it on level 7 of the Dungeon)
 10095 | D:7      | Found Omakojej's Armour Boutique.
 10106 | D:7      | Found Afrinkyri's Gadget Shoppe.
 10112 | D:7      | Reached XP level 9. HP: 59/62 MP: 11/11
 10197 | D:7      | Found Xayqu's Food Emporium.
 10333 | D:7      | Found a shimmering altar of Xom.
 10394 | D:7      | Found Keexeumn's Antique Armour Shoppe.
 10410 | D:7      | Bought a pair of glowing boots for 202 gold pieces
 10520 | D:7      | Found a staircase to the Ecumenical Temple.
 10617 | D:7      | Reached ** piety under Hepliaklqana
 10619 | D:7      | Remembered your ancestor Martin as a knight
 11156 | D:8      | Reached skill level 5 in Fighting
 11566 | D:8      | Found a burning altar of Makhleb.
 12072 | D:9      | Found a snail-covered altar of Cheibriados.
 12104 | D:9      | Found a radiant altar of Vehumet.
 12104 | D:9      | Noticed Erica
 12135 | D:9      | Killed Erica
 12135 | D:9      | Reached XP level 10. HP: 71/75 MP: 12/12
 12188 | D:9      | Noticed Psyche
 12199 | D:9      | Killed Psyche
 12966 | D:9      | Reached *** piety under Hepliaklqana
 13052 | D:10     | Entered Level 10 of the Dungeon
 13081 | D:10     | Noticed topfpfpflanze's ghost (novice MfSu)
 13501 | D:10     | Killed topfpfpflanze's ghost
 13501 | D:10     | Reached skill level 15 in Axes
 14067 | D:10     | Noticed a three-headed hydra
 14072 | D:10     | Reached skill level 1 in Armour
 14076 | D:10     | Killed a one-headed hydra
 14076 | D:10     | Reached XP level 11. HP: 68/83 MP: 13/13
 14898 | D:11     | Found Penaeresch's Magic Scroll Boutique.
 14906 | D:11     | Bought a scroll of blinking for 97 gold pieces
 14966 | D:11     | Found Vetriovu's Food Boutique.
 15013 | D:11     | Reached **** piety under Hepliaklqana
 15015 | D:11     | Found Ver Urie's Antique Armour Boutique.
 15037 | D:11     | Reached skill level 5 in Armour
 15129 | D:11     | Bought a faintly glowing cloak for 228 gold pieces
 15140 | D:11     | Identified the cursed -6 cloak of Midwinter {rF- Int+4 Stlth+} (You bought it in a shop on level 11 of the Dungeon)
 15375 | D:11     | Found a staircase to the Lair.
 16682 | Lair:1   | Entered Level 1 of the Lair of Beasts
 16905 | Lair:1   | Noticed a four-headed hydra
 16919 | Lair:1   | Killed a one-headed hydra
 16919 | Lair:1   | Reached skill level 10 in Fighting
 17233 | Lair:1   | Lost mutation: You are agile. (Dex +2) [potion of mutation]
 17233 | Lair:1   | Lost mutation: You have large cloven feet. [potion of mutation]
 17233 | Lair:1   | Lost mutation: You are occasionally teleported next to monsters. [potion of mutation]
 17233 | Lair:1   | Gained mutation: You are resistant to hostile enchantments. (MR+) [potion of mutation]
 17233 | Lair:1   | Gained mutation: You have sharp fingernails. [potion of mutation]
 17233 | Lair:1   | Gained mutation: You are covered in fur. (AC +1) [potion of mutation]
 17233 | Lair:1   | Gained mutation: Your spells are a little harder to cast, but a little more powerful. [potion of mutation]
 18572 | Lair:2   | Noticed a catoblepas
 18591 | Lair:2   | Killed a catoblepas
 18592 | Lair:2   | Reached XP level 12. HP: 43/99 MP: 14/14
 19088 | Lair:2   | Reached ***** piety under Hepliaklqana
 19924 | Lair:3   | Noticed Rupert
 19943 | Lair:3   | Paralysed by Rupert for 4 turns
 19961 | Lair:3   | Killed Rupert
 21057 | Lair:3   | Noticed a seven-headed hydra
 21069 | Lair:3   | Killed a two-headed hydra
 21709 | Lair:4   | Reached skill level 10 in Armour
 21712 | Lair:4   | Noticed a seven-headed hydra
 21723 | Lair:4   | Killed a two-headed hydra
 21885 | Lair:4   | Noticed Harold
 21891 | Lair:4   | Reached XP level 13. HP: 84/106 MP: 15/15
 22102 | Lair:4   | Found a staircase to the Swamp.
 22901 | Lair:4   | Killed Harold
 22901 | Lair:4   | Reached skill level 5 in Dodging
 23042 | Lair:4   | Found a hole to the Spider Nest.
 23282 | Lair:4   | Got a steaming chain mail
 23283 | Lair:4   | Identified the cursed +0 chain mail "Dach" {+Inv rN++ rCorr Str-5} (You found it on level 4 of the Lair of Beasts)
 24753 | Lair:6   | Entered Level 6 of the Lair of Beasts
 25666 | Lair:6   | Found a viscous altar of Jiyva.
 25666 | Lair:6   | Found a staircase to the Slime Pits.
 26121 | Lair:6   | Noticed a dire elephant
 26733 | Lair:6   | Killed a dire elephant
 27120 | Lair:6   | Reached XP level 14. HP: 110/116 MP: 18/18
 28917 | D:12     | Got a jewelled scale mail
 28918 | D:12     | Identified the +1 scale mail of the Illusory Runes {rF- rN+ Dex+4} (You took it off an orc on level 12 of the Dungeon)
 29074 | D:12     | Found a staircase to the Orcish Mines.
 29452 | D:12     | Noticed Urug
 29462 | D:12     | Killed Urug
 29962 | D:12     | Reached skill level 15 in Fighting
 30073 | D:11     | Bought a runed plate armour for 624 gold pieces
 31495 | D:13     | Found a portal to a secret trove of treasure.
 32477 | D:13     | Identified a scroll of acquirement
 32480 | D:13     | Got a fine executioner's axe
 32481 | D:13     | Identified the +2 executioner's axe of Zytyck {flame, +Rage rC+ SInv} (You acquired it on level 13 of the Dungeon)
 32486 | D:13     | Found a gate to the Vaults.
 33866 | D:14     | Reached XP level 15. HP: 122/126 MP: 20/20
 34581 | D:15     | Entered Level 15 of the Dungeon
 35107 | D:15     | Found Eghud's Armour Boutique.
 35527 | D:15     | Reached ****** piety under Hepliaklqana
 35634 | D:15     | Found a staircase to the Depths.
 36283 | Orc:1    | Entered Level 1 of the Orcish Mines
 36997 | Orc:2    | Entered Level 2 of the Orcish Mines
 37384 | Orc:2    | Found a roughly hewn altar of Beogh.
 37424 | Orc:2    | Found a staircase to the Elven Halls.
 37667 | Orc:1    | Found Guor's Armour Boutique.
 37760 | Orc:2    | Found a roughly hewn altar of Beogh.
 37793 | Orc:2    | Found Yrghixor's Antique Armour Shoppe.
 37800 | Orc:2    | Bought a runed large shield for 195 gold pieces
 37908 | Orc:2    | Reached skill level 1 in Shields
 38116 | Orc:2    | Noticed an orc warlord
 38148 | Orc:2    | Killed an orc warlord
 38291 | Orc:2    | Found Mepecatz's Antique Weapon Shoppe.
 38292 | Orc:2    | Found a roughly hewn altar of Beogh.
 38293 | Orc:2    | Found Ruuzown's Antique Armour Emporium.
 38348 | Orc:2    | Found a roughly hewn altar of Beogh.
 38406 | Orc:2    | Found a roughly hewn altar of Beogh.
 38677 | Orc:2    | Found a roughly hewn altar of Beogh.
 38702 | Orc:2    | Found Founnink's Weapon Boutique.
 38820 | Orc:2    | Found a roughly hewn altar of Beogh.
 39229 | Swamp:1  | Entered Level 1 of the Swamp
 39481 | Swamp:1  | Noticed a thorn hunter
 39494 | Swamp:1  | Killed a thorn hunter
 39494 | Swamp:1  | Reached skill level 5 in Shields
 39693 | Swamp:1  | Noticed rabbit's ghost (adept GrFi)
 40398 | Swamp:1  | Killed rabbit's ghost
 41604 | Swamp:2  | Reached XP level 16. HP: 126/134 MP: 21/21
 42804 | Swamp:3  | Reached skill level 10 in Shields
 43416 | Swamp:3  | Noticed a tentacled monstrosity
 43435 | Swamp:3  | Killed a tentacled monstrosity
 43710 | Swamp:4  | Entered Level 4 of the Swamp
 43710 | Swamp:4  | Noticed Roxanne
 43731 | Swamp:4  | Killed Roxanne
 43887 | Swamp:4  | Noticed Louise
 43933 | Swamp:4  | Killed Louise
 43960 | Swamp:4  | Noticed a thorn hunter
 43976 | Swamp:4  | Killed a thorn hunter
 44486 | Swamp:4  | Got a translucent war axe
 44487 | Swamp:4  | Identified the +5 war axe "Ficoocom" {chop, MR+} (You found it on level 4 of the Swamp)
 44794 | Swamp:4  | Got a decaying rune of Zot
 44886 | Swamp:4  | Noticed Jorgrun
 44902 | Swamp:4  | Killed Jorgrun
 45333 | Swamp:4  | Noticed Mara
 45338 | Swamp:4  | Noticed GordonOverkill's illusion
 45442 | Swamp:4  | Killed Mara
 45442 | Swamp:4  | Reached skill level 15 in Shields
 45946 | Spider:1 | Entered Level 1 of the Spider Nest
 46030 | Spider:1 | Reached XP level 17. HP: 125/140 MP: 22/22
 46194 | Spider:1 | Noticed Aizul
 46220 | Spider:1 | Killed Aizul
 46488 | Spider:1 | Got a bloodstained broad axe
 46489 | Spider:1 | Identified the +4 broad axe "Fiskacue" {chop, rPois Str+4} (You acquired it on level 1 of the Spider Nest)
 48631 | D:15     | Bought the +7 plate armour of Lethargy {rF+ MR+ Int+4 Dex+2} for 1623 gold pieces
 50114 | Spider:4 | Entered Level 4 of the Spider Nest
 50430 | Spider:4 | Reached XP level 18. HP: 130/146 MP: 23/23
 51419 | Spider:4 | Got a gossamer rune of Zot
 51831 | Elf:1    | Entered Level 1 of the Elven Halls
 52059 | Elf:1    | Identified Juibless's Volume of Summoning
 52395 | Vaults:1 | Entered Level 1 of the Vaults
 52758 | Vaults:1 | Noticed Roak's ghost (adept GrEE)
 52785 | Vaults:1 | Killed Roak's ghost
 54156 | Vaults:2 | Found Ifeh Bapluig's Book Shoppe.
 54168 | Vaults:2 | Reached XP level 19. HP: 161/164 MP: 24/24
 54378 | Vaults:2 | Reached skill level 15 in Armour
 55046 | Vaults:2 | Found a staircase to the Crypt.
 55745 | Vaults:3 | Noticed Xtahua
 55761 | Vaults:3 | Killed Xtahua
 56424 | Vaults:3 | Reached XP level 20. HP: 173/173 MP: 25/25
 57373 | Vaults:4 | Found Ysmisi's Antique Armour Emporium.
 57377 | Vaults:4 | Bought a runed cloak for 322 gold pieces
 57377 | Vaults:4 | Bought a glowing cloak for 322 gold pieces
 57753 | Vaults:4 | Reached skill level 10 in Dodging
 59452 | Elf:2    | Found a runed gate.
 59452 | Elf:2    | Found a runed gate.
 59452 | Elf:2    | Found a runed gate.
 59701 | Elf:2    | Reached XP level 21. HP: 181/181 MP: 26/26
 60187 | Elf:3    | Entered Level 3 of the Elven Halls
 60252 | Elf:3    | Noticed Asterion
 60255 | Elf:3    | Found Muyllu's Antique Armour Emporium.
 60268 | Elf:3    | Killed Asterion
 61010 | Elf:3    | Got a pitted brass amulet
 61517 | Elf:3    | Identified the amulet of Joy {RegenMP *Corrode rN+ MP+9} (You took it off a deep elf elementalist on level 3 of the Elven Halls)
 62048 | Depths:1 | Entered Level 1 of the Depths
 62472 | Depths:1 | Found a gateway to Hell.
 62684 | Depths:1 | Found a runed door.
 62943 | Depths:2 | Reached XP level 22. HP: 199/199 MP: 27/27
 63776 | Depths:3 | Noticed a golden dragon
 63798 | Depths:3 | Killed a golden dragon
 64719 | Depths:3 | Found a one-way gate leading to the halls of Pandemonium.
 64811 | Depths:4 | Found a gateway to a ziggurat.
 64964 | Depths:4 | Reached XP level 23. HP: 214/214 MP: 28/28
 64972 | Depths:4 | Cast into level 3 of the Abyss (deep elf sorcerer)
 65144 | Abyss:3  | Reached skill level 27 in Fighting
 65232 | Depths:4 | Escaped the Abyss
 65360 | Depths:4 | Found a one-way gate to the infinite horrors of the Abyss.
 65875 | Depths:4 | Noticed a juggernaut
 65893 | Depths:4 | Killed a juggernaut
 66831 | Elf:3    | Got pitted fire dragon scales
 66832 | Elf:3    | Identified the +3 fire dragon scales of Light {rF++ rC- rCorr Dex+3} (You took it off a deep elf high priest on level 3 of the Elven Halls)
 67458 | Depths:5 | Entered Level 5 of the Depths
 67667 | Depths:5 | Found a gate to the Realm of Zot.
 67695 | Depths:5 | Noticed a caustic shrike
 67698 | Depths:5 | Noticed a caustic shrike
 67698 | Depths:5 | Noticed a caustic shrike
 68056 | Depths:5 | Noticed a caustic shrike
 68073 | Depths:5 | Killed a caustic shrike
 68080 | Depths:5 | Killed a caustic shrike
 68090 | Depths:5 | Killed a caustic shrike
 68100 | Depths:5 | Killed a caustic shrike
 68335 | Depths:5 | Reached XP level 24. HP: 207/224 MP: 28/28
 68650 | Depths:5 | Found Cicluys's Jewellery Shoppe.
 68651 | Depths:5 | Found Leoti's Gadget Boutique.
 68652 | Depths:5 | Found Daodanet's Jewellery Shoppe.
 68666 | Depths:5 | Bought the ring "Recavvukk" {rCorr rPois Int+4} for 950 gold pieces
 69303 | Vaults:5 | Entered Level 5 of the Vaults
 70675 | Vaults:5 | Noticed an ancient lich
 70685 | Vaults:5 | Killed an ancient lich
 70685 | Vaults:5 | Reached skill level 15 in Dodging
 71556 | Vaults:5 | Got a glittering ivory ring
 71864 | Vaults:5 | Reached XP level 25. HP: 231/231 MP: 28/28
 72123 | Vaults:5 | Got a silver rune of Zot
 72236 | Vaults:5 | Noticed an ancient lich
 72256 | Vaults:5 | Killed an ancient lich
 72679 | Vaults:5 | Identified the ring "Cade" {rCorr Slay+2} (You took it off a deep elf high priest on level 5 of the Vaults)
 72715 | Vaults:5 | Found Fyroimom's Weapon Boutique.
 73176 | Zot:1    | Entered Level 1 of the Realm of Zot
 74014 | Zot:1    | Found a shattered altar of Ashenzari.
 74307 | Zot:1    | Noticed an orb of fire
 74322 | Zot:1    | Killed an orb of fire
 75552 | Zot:2    | Reached XP level 26. HP: 238/238 MP: 28/28
 79182 | Zot:5    | Entered Level 5 of the Realm of Zot
 79396 | Zot:5    | Found Rizyorao's Changing Room.
 80008 | Zot:5    | Noticed an ancient lich
 80008 | Zot:5    | Reached XP level 27. HP: 205/245 MP: 28/28
 80126 | Zot:5    | Killed an ancient lich
 80173 | Zot:5    | Noticed an ancient lich
 80183 | Zot:5    | Killed an ancient lich
 80396 | Zot:5    | Noticed an ancient lich
 80414 | Zot:5    | Killed an ancient lich
 80793 | Zot:5    | Noticed an ancient lich
 80914 | Zot:5    | Killed an ancient lich
 80914 | Zot:5    | Reached skill level 27 in Armour
 81085 | Zot:5    | Noticed an orb of fire
 81108 | Zot:5    | Killed an orb of fire
 81118 | Zot:5    | Noticed an orb of fire
 81155 | Zot:5    | Killed an orb of fire
 81316 | Zot:5    | Noticed an ancient lich
 81326 | Zot:5    | Killed an ancient lich
 81473 | Zot:5    | Noticed an orb of fire
 81479 | Zot:5    | Gained mutation: Scrolls take you a little longer to read. [an orb of fire]
 81482 | Zot:5    | Gained mutation: You are frail. (-10% HP) [an orb of fire]
 81485 | Zot:5    | Killed an orb of fire
 81492 | Zot:5    | Lost mutation: Your spells are a little harder to cast, but a little more powerful. [potion of mutation]
 81492 | Zot:5    | Lost mutation: You are covered in fur. (AC +1) [potion of mutation]
 81492 | Zot:5    | Lost mutation: Scrolls take you a little longer to read. [potion of mutation]
 81492 | Zot:5    | Lost mutation: You are frail. (-10% HP) [potion of mutation]
 81492 | Zot:5    | Gained mutation: Scrolls take you a little longer to read. [potion of mutation]
 81492 | Zot:5    | Gained mutation: You are frail. (-10% HP) [potion of mutation]
 81492 | Zot:5    | Gained mutation: You have a pair of large horns on your head. [potion of mutation]
 81493 | Zot:5    | Lost mutation: Scrolls take you a little longer to read. [potion of mutation]
 81493 | Zot:5    | Lost mutation: You have a pair of large horns on your head. [potion of mutation]
 81493 | Zot:5    | Lost mutation: You have sharp fingernails. [potion of mutation]
 81493 | Zot:5    | Gained mutation: You do not regenerate when monsters are visible. [potion of mutation]
 81493 | Zot:5    | Lost mutation: You are frail. (-10% HP) [potion of mutation]
 81494 | Zot:5    | Lost mutation: You do not regenerate when monsters are visible. [potion of mutation]
 81494 | Zot:5    | Lost mutation: You are partially covered in thin metallic scales. (AC +2) [potion of mutation]
 81494 | Zot:5    | Gained mutation: You are weak. (Str -2) [potion of mutation]
 81494 | Zot:5    | Gained mutation: Armour fits poorly on your strangely shaped body. [potion of mutation]
 81494 | Zot:5    | Gained mutation: You are clumsy. (Dex -2) [potion of mutation]
 81494 | Zot:5    | Gained mutation: You evolve. [potion of mutation]
 81495 | Zot:5    | Lost mutation: You are clumsy. (Dex -2) [potion of mutation]
 81495 | Zot:5    | Lost mutation: You are weak. (Str -2) [potion of mutation]
 81495 | Zot:5    | Lost mutation: You evolve. [potion of mutation]
 81495 | Zot:5    | Gained mutation: You are partially covered in yellow scales. (AC +2) [potion of mutation]
 81495 | Zot:5    | Gained mutation: You occasionally shout uncontrollably at your foes. [potion of mutation]
 81495 | Zot:5    | Gained mutation: Your spells are a little harder to cast, but a little more powerful. [potion of mutation]
 81495 | Zot:5    | Gained mutation: You are robust. (+10% HP) [potion of mutation]
 81496 | Zot:5    | Lost mutation: You occasionally shout uncontrollably at your foes. [potion of mutation]
 81496 | Zot:5    | Lost mutation: You are robust. (+10% HP) [potion of mutation]
 81496 | Zot:5    | Gained mutation: You tend to lose your temper in combat. [potion of mutation]
 81496 | Zot:5    | Gained mutation: Your spells are harder to cast, but more powerful. [potion of mutation]
 81497 | Zot:5    | Lost mutation: Your spells are harder to cast, but more powerful. [potion of mutation]
 81497 | Zot:5    | Lost mutation: Your spells are a little harder to cast, but a little more powerful. [potion of mutation]
 81497 | Zot:5    | Lost mutation: Armour fits poorly on your strangely shaped body. [potion of mutation]
 81497 | Zot:5    | Gained mutation: You are somewhat resistant to further mutation. [potion of mutation]
 81865 | Zot:5    | Noticed an ancient lich
 81875 | Zot:5    | Killed an ancient lich
 82424 | Zot:5    | Noticed an ancient lich
 82433 | Zot:5    | Killed an ancient lich
 82458 | Zot:5    | Found Rizyorao's Changing Room.
 82736 | Zot:5    | Got the Orb of Zot
 83046 | D:12     | Noticed Coiras the pandemonium lord
 83279 | D:$      | Escaped with the Orb!

Skill      XL: |  1  2  3  4  5  6  7  8  9 10 11 12 13 14 15 16 17 18 19 20 21 22 23 24 25 26 27 |
---------------+----------------------------------------------------------------------------------+-----
Fighting       | 1 2 3 6 7 11 12 13 15 19 20 23 26 27 | 27.0
Axes           | 1 2 3 4 6 8 11 13 16 18 19 21 | 21.0
Dodging        | 3 8 13 16 20 22 | 22.3
Invocations    | 2 3 5 7 8 |  8.0
Armour         | 2 7 11 12 14 18 20 21 26 27 | 27.0
Shields        | 8 15 19 20 23 25 | 25.0
Stealth        | |  1.5
Spellcasting   | |  1.3
Summonings     | |  2.9

Action                   |  1- 3 |  4- 6 |  7- 9 | 10-12 | 13-15 | 16-18 | 19-21 | 22-24 | 25-27 || total
-------------------------+-------+-------+-------+-------+-------+-------+-------+-------+-------++-------
Melee: Unarmed           |    19 |       |       |       |       |       |       |       |       ||    19
       Club              |     5 |       |       |       |       |       |       |       |       ||     5
       Headbutt          |    12 |    17 |    45 |   117 |   370 |   299 |   348 |   377 |   391 ||  1976
       Hand axe          |    66 |   123 |   138 |    22 |   149 |       |       |       |       ||   498
       Kick              |       |     6 |    45 |       |       |       |       |       |       ||    51
       War axe           |       |       |   154 |   590 |   933 |   471 |       |       |       ||  2148
       Scimitar          |       |       |       |     3 |       |       |       |       |       ||     3
       Broad axe         |       |       |       |       |   511 |   954 |  1489 |  1362 |  1262 ||  5578
       Executioner's axe |       |       |       |       |    28 |       |       |       |       ||    28
Throw: Throwing net      |       |       |       |       |       |       |       |       |     3 ||     3
 Cast: Summon Small Mamm |    22 |     7 |       |       |       |       |       |       |       ||    29
Invok: Ancestor Identity |       |     1 |     1 |       |       |       |       |       |       ||     2
       Recall Ancestor   |       |     3 |     3 |     7 |     5 |       |       |     4 |     2 ||    24
       Ancestor Life: Kn |       |       |     1 |       |       |       |       |       |       ||     1
       Idealise          |       |       |       |     3 |     6 |     3 |       |     2 |     2 ||    16
       Transference      |       |       |       |       |     2 |     1 |     1 |       |     2 ||     6
Evoke: Wand              |       |     5 |     4 |     9 |     3 |    10 |       |     2 |    17 ||    50
  Use: Potion            |       |    10 |     3 |     6 |    10 |     4 |       |     2 |    22 ||    57
       Scroll            |       |    12 |     4 |    15 |    12 |    18 |    20 |     7 |    21 ||   109
 Stab: Distracted        |       |     3 |     1 |     9 |    19 |    22 |    15 |    42 |    26 ||   137
       Sleeping          |       |     1 |       |       |       |       |       |       |       ||     1
       Petrified         |       |       |       |     2 |     1 |       |       |     3 |       ||     6
       Petrifying        |       |       |       |     1 |     1 |       |       |       |       ||     2
       Paralysed         |       |       |       |     1 |       |       |       |       |       ||     1
       Invisible         |       |       |       |       |       |     5 |       |       |     3 ||     8
       Held in net/web   |       |       |       |       |       |       |       |       |     1 ||     1
  Eat: Chunk             |     7 |    12 |    18 |    14 |    31 |    13 |    27 |    12 |     6 ||   140
       Ration            |       |       |       |     5 |    11 |     9 |     2 |     6 |    13 ||    46
Armor: Robe              |    13 |    18 |       |       |       |       |       |       |       ||    31
       Ring mail         |       |     2 |    14 |       |       |       |       |       |       ||    16
       Chain mail        |       |    24 |   120 |   244 |       |       |       |       |       ||   388
       Scale mail        |       |       |       |    52 |   254 |       |       |       |       ||   306
       Plate armour      |       |       |       |       |   633 |   475 |   460 |   439 |       ||  2007
       Swamp dragon scal |       |       |       |       |    53 |   171 |       |       |       ||   224
       Gold dragon scale |       |       |       |       |       |       |       |    98 |   495 ||   593
Dodge: Dodged            |    84 |    84 |   111 |   201 |   595 |   357 |   237 |   349 |   366 ||  2384
Block: Large shield      |       |       |       |       |   182 |  1416 |  1243 |  1316 |  1219 ||  5376
       Reflection        |       |       |       |       |       |       |       |       |     1 ||     1
